 Dungeon Crawl Stone Soup version 0.28.0-47-ge53b351184 (webtiles) character file.

Game seed: 15303509484150383081

9 Zeld the Skirmisher (level 2, -1/27 HPs)
             Began as a Minotaur Berserker on Apr 28, 2022.
             Was a Follower of Trog.
             Succumbed to a kobold's poison
             ... on level 1 of the Dungeon.
             The game lasted 00:01:01 (324 turns).

Zeld the Skirmisher (Minotaur Berserker)             Turns: 324, Time: 00:01:01

Health: -1/27      AC:  2    Str: 27    XL:     2   Next: 3%
Magic:  1/1        EV: 12    Int:  4    God:    Trog [*.....]
Gold:   19         SH:  0    Dex:  9    Spells: 1/1 levels left

rFire   . . .      SeeInvis .   a - +0 hand axe
rCold   . . .      Faith    .   (no shield)
rNeg    . . .      Spirit   .   b - +0 animal skin
rPois   .          Reflect  .   (helmet restricted)
rElec   .          Harm     .   (no cloak)
rCorr   .          Rampage  .   (no gloves)
Will    .....                   (no boots)
Stlth   +.........              (no amulet)
HPRegen 0.09/turn               d - +6 ring of strength
MPRegen 0.07/turn               (no ring)

@: lethally poisoned (-1 -> -28)
A: horns 2, retaliatory headbutt
a: Renounce Religion, Berserk


You were on level 1 of the Dungeon.
You worshipped Trog.
Trog was aware of your devotion.
You visited 1 branch of the dungeon, and saw 1 of its levels.

You collected 19 gold pieces.

Inventory:

Hand Weapons
 a - a +0 hand axe (weapon)
Armour
 b - a +0 animal skin (worn)
Jewellery
 d - a +6 ring of strength (left hand)
Scrolls
 c - a scroll of enchant weapon {unknown}


   Skills:
 * Level 3.9 Fighting
 * Level 3.9 Axes
 + Level 2.5 Armour
 + Level 2.3 Dodging


You had one spell level left.
You didn't know any spells.
Your spell library was empty.

Dungeon Overview and Level Annotations

Branches:
Dungeon (1/15)

Altars:


Innate Abilities, Weirdness & Mutations

You have a pair of horns on your head.
You reflexively headbutt those who attack you in melee.


Message History

There is an open door here.
A kobold comes into view.
It is wielding a +1 short sword of venom.
Found a chain mail.
A kobold is nearby!
The kobold shouts!
The kobold hits you with a +1 short sword of venom.
You are poisoned.
A kobold is nearby!
You hit the kobold. Your headbutt misses the kobold.
The kobold is heavily wounded.
You feel sick.
The kobold hits you with a +1 short sword of venom.
A kobold is nearby!
You hit the kobold but do no damage. Your headbutt misses the kobold.
The kobold is heavily wounded.
You feel sick. The kobold barely misses you.
A kobold is nearby!
You hit the kobold but do no damage.
The kobold is heavily wounded.
You feel sick.
The kobold hits you with a +1 short sword of venom.
You are more poisoned.
The kobold closely misses you.
A kobold is nearby!
You closely miss the kobold. Your headbutt misses the kobold.
The kobold is heavily wounded.
You feel very sick.
The kobold hits you with a +1 short sword of venom.
You are more poisoned.
You are too injured to fight recklessly!
Okay, then.
You hit the kobold.
The kobold is severely wounded.
* * * LOW HITPOINT WARNING * * *
You feel very sick.
The kobold hits you with a +1 short sword of venom.
* * * LOW HITPOINT WARNING * * *
You are more poisoned.
You aren't carrying any potions.
You die...

##########..........#
#.......#####.......#
#.......#####...#####
#.......#.......#########
..[......................
#.......#.....###########
#.....K.#.....###########
#.......#...........(....
###.....@..#'############
#......................
#........#.############
..............######
...............#....###
....###................#
... #.##......#..###.# #.
#.##......##.#⌠#.###
#.####.##......##.###....


You could see a kobold.

Vanquished Creatures
  3 bats (D:1)
  An endoplasm (D:1)
  A hobgoblin (D:1)
  A quokka (D:1)
  A ball python (D:1)
  A kobold (D:1)
8 creatures vanquished.

Notes
Turn   | Place    | Note
-------+----------+-------------------------------------------
     0 | D:1      | Zeld the Minotaur Berserker began the quest for the Orb.
     0 | D:1      | Reached XP level 1. HP: 19/19 MP: 0/0
   258 | D:1      | Reached XP level 2. HP: 27/27 MP: 1/1
   324 | D:1      | Succumbed to a kobold's poison

Illustrated notes

Levels and vault maps discovered:
D:1:      mrwooster_arrival_statue_2, layout_basic, feat_on_display

Action                   || total
-------------------------++-------
Melee: Hand axe          ||    15
       Headbutt          ||     3
Armor: Animal skin       ||     3
Dodge: Dodged            ||    11
